Map: Ultralove

Players

LiquidClem (Clem) - Winner!

  • Race: Terran Terran
  • League: Grandmaster
  • Spawn Location: 7:00

DnS

  • Race: Protoss Protoss
  • Spawn Location: 1:00

Event: HomeStory Cup XXVI

VOD

Have the link to the VOD?

Description

Time

  • Played on: Nov. 30, 2024, 8:18 a.m.
  • Length: 6:55

All games in this series

Show
View Real Time Build Order
Export as new Build Order

LiquidClem Terran - Winner!

Build Orders: Reaper Expand 

Get SALT Encoding   

  12  0:00  SCV  
  13  0:12  SCV  
  14  0:16  Supply Depot  
  14  0:24  SCV  
  15  0:38  SCV  
  15  0:40  Barracks  
  16  0:42  Refinery  
  16  0:51  SCV  
  17  1:03  SCV  
  18  1:15  SCV  
  19  1:27  Orbital Command, Reaper  
  20  1:39  Command Center  
  20  1:47  Supply Depot  
  20  1:53  SCV  
  22  2:02  Bunker  
  22  2:03  Reaper  
  22  2:05  SCV  
  23  2:13  Barracks  
  23  2:17  SCV  
  24  2:23  Refinery  
  24  2:29  SCV  
  25  2:36  Barracks Reactor  
  25  2:37  Barracks  
  25  2:41  SCV  
  26  2:55  Orbital Command, SCV  
  27  3:03  Barracks Tech Lab  
  27  3:08  SCV  
  28  3:14  Marine x2  
  29  3:20  SCV  
  29  3:21  SCV  
  29  3:22  Stimpack  
  29  3:23  Marine  
  32  3:32  SCV  
  32  3:33  SCV  
  34  3:35  Marine x2  
  34  3:36  Barracks Tech Lab  
  34  3:39  Engineering Bay  
  34  3:41  Supply Depot  
  34  3:42  Marine  
  34  3:44  SCV  
  34  3:45  SCV  
  37  3:48  Factory  
  37  3:53  Combat Shield, Marine x2  
  39  3:56  Marine  
  39  3:58  SCV  
  39  4:00  SCV  
  42  4:05  Marine  
  42  4:06  Terran Infantry Weapons Level 1  
  43  4:10  SCV  
  43  4:13  Marine x2  
  43  4:14  Supply Depot  
  43  4:15  SCV  
  43  4:17  Marine  
  47  4:22  SCV  
  47  4:23  Supply Depot  
  49  4:24  Marine  
  49  4:27  SCV  
  51  4:32  Marine  
  51  4:34  Starport, Factory Reactor  
  51  4:35  SCV  
  51  4:36  Marine  
  51  4:38  Marine  
  55  4:41  SCV  
  55  4:42  Refinery  
  55  4:46  Supply Depot  
  55  4:47  SCV, Marine  
  57  4:53  SCV  
  57  4:56  Marine  
  57  4:59  SCV  
  59  5:01  Supply Depot, Marine  
  59  5:05  SCV  
  59  5:06  Marauder  
  63  5:07  Concussive Shells  
  63  5:11  SCV  
  63  5:14  Marauder  
  66  5:17  Supply Depot, SCV  
  66  5:18  Factory Reactor  
  66  5:20  Medivac  
  69  5:23  SCV, Medivac  
  69  5:24  Marine  
  69  5:27  Marine x2  
  69  5:28  Refinery  
  74  5:29  SCV  
  74  5:34  Missile Turret  
  74  5:35  SCV  
  76  5:40  Missile Turret  
  76  5:41  SCV  
  77  5:43  Marine  
  77  5:45  Marine  
  77  5:47  SCV  
  77  5:48  Supply Depot  
  80  5:50  Marauder  
  80  5:52  Marauder  
  80  5:53  SCV  
  83  5:59  SCV  
  82  6:05  SCV, Marine x2  
  82  6:07  Supply Depot, Widow Mine x2  
  89  6:11  SCV, Medivac  
  89  6:12  Medivac  
  89  6:17  SCV  
  95  6:19  Supply Depot, Marauder  
  95  6:21  Marauder  
  95  6:24  Marine x2  
  101  6:27  SCV  
  101  6:29  SCV  
  99  6:39  SCV  
  102  6:42  SCV  
Show
View Real Time Build Order
Export as new Build Order

DnS Protoss 

Build Orders: 1 Gate Expand, Phoenix Opening, Colossus Rush 

Get SALT Encoding   

  12  0:00  Probe  
  13  0:12  Probe  
  14  0:17  Pylon  
  14  0:24  Probe  
  15  0:32  Probe  
  15  0:36  Gateway  
  15  0:40  Probe  
  16  0:45  Assimilator  
  17  0:51  Probe  
  18  1:03  Probe  
  19  1:15  Probe  
  20  1:20  Nexus  
  20  1:31  Cybernetics Core  
  20  1:34  Probe  
  21  1:41  Assimilator  
  21  1:47  Probe  
  22  1:50  Pylon  
  22  1:56  Stalker  
  22  1:59  Probe  
  25  2:12  Shield Battery  
  25  2:14  Probe  
  26  2:25  Stargate  
  26  2:28  Stalker  
  25  2:34  Probe  
  27  2:43  Probe  
  28  2:47  Probe  
  29  2:54  Warp Gate  
  29  2:55  Probe  
  29  2:57  Stalker  
  30  2:59  Probe  
  33  3:15  Phoenix  
  33  3:16  Probe x2  
  37  3:27  Probe  
  37  3:32  Probe  
  34  3:37  Probe  
  34  3:40  Phoenix  
  38  3:41  Probe  
  38  3:45  Probe  
  39  3:50  Probe  
  41  3:57  Probe  
  41  3:59  Probe  
  41  4:00  Pylon  
  42  4:07  Probe  
  42  4:09  Robotics Facility, Probe  
  44  4:16  Gateway  
  45  4:20  Probe  
  45  4:22  Probe  
  47  4:26  Phoenix  
  47  4:30  Pylon  
  49  4:32  Probe  
  49  4:34  Probe  
  49  4:37  Assimilator  
  51  4:45  Assimilator  
  51  4:48  Sentry  
  51  4:50  Probe x2  
  55  4:56  Immortal  
  59  5:02  Probe x2  
  59  5:04  Pylon  
  61  5:13  Robotics Bay  
  61  5:14  Pylon  
  61  5:16  Probe  
  62  5:22  Probe  
  62  5:24  Zealot  
  62  5:27  Immortal  
  65  5:29  Probe  
  65  5:31  Pylon  
  70  5:46  Probe x2  
  70  5:48  Colossus  
  70  5:49  Pylon  
  72  6:03  Nexus  
  70  6:06  Pylon  
  70  6:08  Phoenix  
  70  6:10  Sentry  
  76  6:15  Sentry  
  76  6:16  Probe x2  
  80  6:28  Probe x2  
  76  6:34  Sentry  
Tags
 
Add a new tag
Caveats
  • Supply blocks, unpowered buildings, or Contaminate may cause inaccurate times.
  • Supply counts are checked every 10 seconds.